 Dungeon Crawl Stone Soup version 0.27.1-3-gb3d3a73c9e (webtiles) character file.

Game seed: 1440013655842304723

51 CuBeRJAN3 the Skirmisher (level 3, -11/24 HPs)
             Began as a Gargoyle Fighter on Oct 8, 2021.
             Splashed by Ijyb's acid (12 damage)
             ... on level 3 of the Dungeon.
             The game lasted 00:05:31 (2346 turns).

CuBeRJAN3 the Skirmisher (Gargoyle Fighter)         Turns: 2346, Time: 00:05:31

Health: -11/24     AC:  5    Str: 20    XL:     3   Next: 81%
Magic:  3/3        EV:  8    Int:  8    God:
Gold:   173        SH:  9    Dex:  9    Spells: 2/2 levels left

rFire    . . .     SeeInvis .   a - +0 flail
rCold    . . .     Faith    .   c - +0 kite shield
rNeg     + . .     Spirit   .   j - +0 ring mail
rPois    ∞         Reflect  .   (no helmet)
rElec    +         Harm     .   (no cloak)
rCorr    .         Rampage  .   (no gloves)
Will     .....                  (no boots)
Stlth    ..........             (no amulet)
HPRegen  0.08/turn              b - ring of wizardry
MPRegen  0.08/turn              (no ring)

@: corroded
A: sickness immunity, AC +3, negative energy resistance 1, electricity
resistance, torment resistance 1, petrification resistance
a: no special abilities


You were on level 3 of the Dungeon.
You visited 1 branch of the dungeon, and saw 4 of its levels.

You collected 173 gold pieces.

Inventory:

Hand Weapons
 a - a +0 flail (weapon)
Armour
 c - a +0 kite shield (worn)
 j - a +0 ring mail (worn)
Jewellery
 b - a ring of wizardry (left hand)
Scrolls
 h - a scroll of enchant armour
 k - a scroll of magic mapping
 l - a scroll of holy word
Potions
 d - a potion of flight {unknown}
 e - a potion of curing
 f - a potion of cancellation
 i - 2 potions of magic


   Skills:
 * Level 4.0 Fighting
 * Level 2.7 Maces & Flails
 + Level 3.6 Armour
 + Level 3.6 Shields


You had 2 spell levels left.
You didn't know any spells.
Your spell library contained the following spells:

 Spells                   Type           Power      Damage    Failure   Level
 Summon Lightning Spire   Summ/Air       0%         N/A       100%        4
 Storm Form               Tmut/Air       0%         N/A       100%        7
 Maxwell's Capacitive Co  Air            0%         ∞         100%        8


Dungeon Overview and Level Annotations

Branches:
Dungeon (4/15)
 Temple: D:4-7

Altars:

Annotations:
D:3 Ijyb


Innate Abilities, Weirdness & Mutations

You are immune to sickness and miasma.
Your stone body is resilient. (AC +3)
You are immune to poison.
You resist negative energy. (rN+)
You are resistant to electric shocks. (rElec)
You are resistant to unholy torment.
You are immune to petrification.


Message History

You start resting.
You hear the slow rusting of a very distant drain.
You start resting.
You hear the rusting of a very distant drain.
You start resting.
You hear the rusting of a very distant drain.
You start resting.
HP restored.
You now have 173 gold pieces (gained 21).
Found a fuming ruby potion.
d - a fuming ruby potion You hear the brisk rusting of a very distant drain.
There is a stone staircase leading up here.
You climb upwards.
Level annotation: Ijyb You block the rat's attack.
Ijyb screams, "Die!"
There is a stone staircase leading down here.
The rat barely misses you.
You climb downwards.
You hear the sound of rushing water.
There is an entrance to a sewer on this level.
Hurry and find it before the portal rusts away!
There is a stone staircase leading up here.
You sock the rat!
You kill the rat!
There is a stone staircase leading up here.
You climb upwards.
Level annotation: Ijyb
There is a stone staircase leading down here.
You barely miss Ijyb.
Ijyb hits you with a +4 dagger of venom.
Ijyb barely misses you.
You closely miss Ijyb.
Ijyb hits you with a +4 dagger of venom.
You barely miss Ijyb.
Ijyb zaps a wand.
The bolt of acid hits you!!
Ouch! That really hurt!
* * * LOW HITPOINT WARNING * * *
The acid corrodes you!
You are splashed with acid!
Ouch! That really hurt!
You die...

#.# #.# .( #.# ..# #.#
#.##.# ######.# #..#.#
.......# #.#.# .#######
#...# .# ##..######### .#
#..........#
.##############.g........#
.#..............@........#
.......#######...........#
.......# #...........#
.......# ####........#
######## #........#
#........# ##########


You could see Ijyb.

Vanquished Creatures
  2 dart slugs (D:1)
  3 bats
  4 endoplasms
  6 goblins
  5 hobgoblins
  4 jackals (D:1)
  3 quokkas
  2 ball pythons
  A frilled lizard (D:2)
  5 kobolds
  6 rats
41 creatures vanquished.

Notes
Turn   | Place    | Note
-------+----------+-------------------------------------------
     0 | D:1      | CuBeRJAN3 the Gargoyle Fighter began the quest for the Orb.
     0 | D:1      | Reached XP level 1. HP: 14/14 MP: 1/1
    60 | D:1      | Reached XP level 2. HP: 19/19 MP: 2/2
   861 | D:1      | Reached XP level 3. HP: 24/24 MP: 3/3
  1683 | D:2      | Found a faded altar of an unknown god.
  1867 | D:3      | Reached skill level 4 in Fighting
  2062 | D:3      | Noticed Ijyb
  2346 | D:3      | HP: 1/24 [Ijyb/bolt of acid (18)]
  2346 | D:3      | Splashed by Ijyb's acid

Illustrated notes

Levels and vault maps discovered:
D:1:      minmay_arrival_solitary_statue, layout_basic
D:2:      kb_forest_paths, layout_loops_ring, basic_ecumenical_altar
D:3:      layout_basic, uniq_ijyb
D:4:      layout_basic, minmay_temple_entry_purple_smoke, gup_sewer_entry_pipe,
          minmay_misc_feat_chi, uniq_blork_the_orc

Skill      XL: |  1  2  3 |
---------------+----------+-----
Fighting       | 4 |  4.0
Maces & Flails | |  2.7
Armour         | |  3.6
Shields        | |  3.6

Action                   || total
-------------------------++-------
Melee: Flail             ||   101
  Use: Scroll            ||     6
       Potion            ||     1
Armor: Scale mail        ||    28
       Ring mail         ||    24
Dodge: Dodged            ||    22
Block: Kite shield       ||    42
